 Dungeon Crawl Stone Soup version 0.28.0-47-ge53b351184 (webtiles) character file.

Game seed: 15028971958565249832

6 Zeld the Skirmisher (level 1, -1/20 HPs)
             Began as a Minotaur Fighter on Apr 25, 2022.
             Slain by a water moccasin (3 damage)
             ... on level 4 of the Dungeon.
             The game lasted 00:00:54 (136 turns).

Zeld the Skirmisher (Minotaur Fighter)               Turns: 136, Time: 00:00:55

Health: -1/20      AC:  7    Str: 20    XL:     1   Next: 75%
Magic:  0/0        EV:  9    Int:  5    God:
Gold:   0          SH:  4    Dex:  9    Spells: 0/0 levels left

rFire   . . .      SeeInvis .   a - +0 war axe
rCold   . . .      Faith    .   c - +0 buckler
rNeg    . . .      Spirit   .   b - +0 scale mail
rPois   .          Reflect  .   (helmet restricted)
rElec   .          Harm     .   (no cloak)
rCorr   .          Rampage  .   (no gloves)
Will    +....                   (no boots)
Stlth   ..........              (no amulet)
HPRegen 0.06/turn               e - ring of willpower
MPRegen 0.07/turn               (no ring)

@: mighty, lethally poisoned (-1 -> -9)
A: horns 2, retaliatory headbutt
a: no special abilities


You were on level 4 of the Dungeon.
You visited 1 branch of the dungeon, and saw 4 of its levels.

Inventory:

Hand Weapons
 a - a +0 war axe (weapon)
Armour
 b - a +0 scale mail (worn)
 c - a +0 buckler (worn)
Jewellery
 e - a ring of willpower (left hand)


   Skills:
 * Level 3.7 Fighting
 * Level 2.6 Axes
 + Level 3.7 Armour
 + Level 0.2 Dodging
 + Level 0.1 Stealth
 * Level 3.7 Shields


You couldn't memorise any spells.
You didn't know any spells.
Your spell library was empty.

Dungeon Overview and Level Annotations

Branches:
Dungeon (4/15)
 Temple: D:4-7

Altars:


Innate Abilities, Weirdness & Mutations

You have a pair of horns on your head.
You reflexively headbutt those who attack you in melee.


Message History

The bat hits you but does no damage.
You miss the bat. The bat barely misses you. You furiously retaliate!
You headbutt the bat, but do no damage. The bat closely misses you.
The bat hits you.
You closely miss the bat. Your headbutt misses the bat.
The bat barely misses you. You furiously retaliate!
You headbutt the bat!
You kill the bat!
No target in view!
There is a stone staircase leading down here.
You climb downwards.
The water moccasin hisses angrily.
Found a curved smoking staff.
There is a stone staircase leading up here.
A water moccasin is nearby!
You climb upwards.
There is a stone staircase leading down here.
You climb downwards.
There is a stone staircase leading up here.
Okay, then.
You feel very mighty all of a sudden. The water moccasin barely misses you.
You furiously retaliate!
You headbutt the water moccasin! You barely miss the water moccasin.
The water moccasin is moderately wounded.
The water moccasin bites you.
You are lethally poisoned!
The water moccasin poisons you! You block the water moccasin's attack.
You closely miss the water moccasin.
The water moccasin is moderately wounded.
You feel very sick. The water moccasin bites you.
* * * LOW HITPOINT WARNING * * *
You block the water moccasin's attack.
You closely miss the water moccasin.
The water moccasin is moderately wounded.
* * * LOW HITPOINT WARNING * * *
You feel very sick. The water moccasin closely misses you.
You furiously retaliate!
You headbutt the water moccasin. The water moccasin bites you.
You die...

### ..# ..|
#.####
#.#.. #.#.#
#######.#.#
.......<..#
########@.#
#S.# ...#
##.## #.#
#.# #.# #.#


You could see a water moccasin.

Vanquished Creatures
  2 bats
  A giant cockroach (D:2)
  2 kobolds (D:2)
5 creatures vanquished.

Notes
Turn   | Place    | Note
-------+----------+-------------------------------------------
     0 | D:1      | Zeld the Minotaur Fighter began the quest for the Orb.
     0 | D:1      | Reached XP level 1. HP: 19/19 MP: 0/0
   127 | D:4      | Noticed a water moccasin
   136 | D:4      | Slain by a water moccasin

Illustrated notes

Levels and vault maps discovered:
D:1:      dpeg_arrival_oval, layout_basic,
          dreamdust_ecumenical_altar_drowned_temple, minmay_cupped
D:2:      minmay_door_path, layout_loops_ring
D:3:      layout_loops_ring, gammafunk_temple_overflow_statue,
          chequers_serial_rivers_micro_a, nicolae_wormholes
D:4:      layout_basic

Action                   || total
-------------------------++-------
Melee: War axe           ||    10
  Use: Potion            ||     1
Armor: Scale mail        ||     4
Dodge: Dodged            ||     7
Block: Buckler           ||     3
